 Dungeon Crawl Stone Soup version 0.23.2-30-g0e89c35649 (webtiles) character file.

Game seed: 5791296150566367528

385 HammerPanzer the Cudgeler (level 6, -3/57 HPs)
             Began as a Minotaur Berserker on June 9, 2019.
             Was a Priest of Trog.
             Slain by Edmund
             ... wielding a +2 flail of crushing
              (6 damage)
             ... on level 6 of the Dungeon.
             The game lasted 00:04:55 (1992 turns).

HammerPanzer the Cudgeler (Minotaur Berserker)      Turns: 1992, Time: 00:04:56

Health: -3/57      AC: 11    Str: 23    XL:     6   Next: 48%
Magic:  5/5        EV:  7    Int:  5    God:    Trog [***...]
Gold:   121        SH:  0    Dex:  9    Spells: 5/5 levels left

rFire    . . .     SeeInvis .   a - +0 mace
rCold    . . .     Gourm    .   (no shield)
rNeg     . . .     Faith    .   k - +0 plate armour
rPois    .         Spirit   .   (helmet restricted)
rElec    .         Reflect  .   (no cloak)
rCorr    .         Harm     .   (no gloves)
MR       .....                  (no boots)
Stlth    ..........             (no amulet)
HPRegen  0.19/turn              (no ring)
MPRegen  0.09/turn              (no ring)

@: lethally poisoned (-3 -> -9), marked
A: retaliatory headbutt, horns 2
a: Berserk, Trog's Hand, Renounce Religion


You were on level 6 of the Dungeon.
You worshipped Trog.
Trog was most pleased with you.
You were not hungry.

You visited 1 branch of the dungeon, and saw 4 of its levels.

You collected 121 gold pieces.

Inventory:

Hand Weapons
 a - a +0 mace (weapon)
Missiles
 o - 8 javelins (quivered)
Armour
 k - a +0 plate armour (worn)
Scrolls
 g - a scroll of blinking {unknown}
 i - 3 scrolls of identify
 j - a scroll of amnesia
 p - 2 scrolls of teleportation {unknown}
Potions
 b - a potion of heal wounds {unknown}
 d - a potion of curing {unknown}
 e - 2 potions of lignification {unknown}
 f - a potion of brilliance {unknown}
 h - a potion of invisibility
 l - a potion of agility {unknown}
 m - a potion of cancellation {unknown}
Comestibles
 c - 10 rations
 n - a chunk of flesh


   Skills:
 + Level 5.9 Fighting
 * Level 7.5 Maces & Flails
 - Level 2.4 Armour
 - Level 2.1 Dodging


You had 5 spell levels left.
You didn't know any spells.
Your spell library was empty.

Dungeon Overview and Level Annotations

Branches:
Dungeon (3/15)

Altars:

Annotations:
D:6 Edmund


Innate Abilities, Weirdness & Mutations

You reflexively headbutt those who attack you in melee.
You have a pair of horns on your head.


Message History

Your headbutt misses the orc.
* * * LOW HITPOINT WARNING * * *
You feel sick.
Edmund the Younger comes into view.
He is wielding a +2 flail of crushing and carrying a wand of flame (18).
The orc hits you with a +0 dagger.
* * * LOW HITPOINT WARNING * * *
As you read the scroll labeled CITRYPS NEERU, it crumbles to dust.
It is a scroll of identify.
h - a potion of invisibility
* * * LOW HITPOINT WARNING * * *
You feel sick.
A hound comes into view.
The orc barely misses you.
As you read the scroll labeled PAENUDW INNUPO, it crumbles to dust.
It is a scroll of amnesia.
You feel forgetful for a moment.
* * * LOW HITPOINT WARNING * * *
You feel sick.
Edmund hits you with a +2 flail of crushing.
You die...

##.##.## ###<#####
........# ###.###.#
#####+## #.# #.#
#.>.... #.###.####.#
#.# #..........###.##
#####.####.##...##.###
#.####)#ho@.......
#.##...†.@†.##.###
..##.#.###.## ####.#..
.... # #.. ..###
......# #######


You could see Edmund, a hound and an orc.

Vanquished Creatures
  An ogre (D:6)
  A bullfrog (D:6)
  A scorpion (D:6)
  An orc priest (D:6)
  2 worker ants (D:6)
  3 adders
  A shadow imp (D:2)
  A worm (D:2)
  2 dart slugs (D:2)
  2 leopard geckos
  4 orcs (D:6)
  7 bats
  3 giant cockroaches
  6 goblins
  7 hobgoblins
  7 jackals
  7 kobolds
  2 quokkas (D:2)
  3 frilled lizards
  9 rats
70 creatures vanquished.

Notes
Turn   | Place    | Note
-------+----------+-------------------------------------------
     0 | D:1      | HammerPanzer the Minotaur Berserker began the quest for the
                  | Orb.
     0 | D:1      | Reached XP level 1. HP: 19/19 MP: 0/0
   139 | D:1      | Reached skill level 4 in Maces & Flails
   182 | D:1      | Reached XP level 2. HP: 18/27 MP: 1/1
   700 | D:1      | Reached ** piety under Trog
   729 | D:1      | Reached XP level 3. HP: 32/33 MP: 2/2
   980 | D:2      | Reached skill level 5 in Maces & Flails
  1446 | D:2      | Reached XP level 4. HP: 37/41 MP: 3/3
  1711 | D:3      | You fall through a shaft for 3 floors!
  1760 | D:6      | Reached *** piety under Trog
  1870 | D:6      | Noticed an ogre
  1876 | D:6      | Killed an ogre
  1876 | D:6      | Reached skill level 5 in Fighting
  1876 | D:6      | Reached skill level 6 in Maces & Flails
  1876 | D:6      | Reached XP level 5. HP: 48/48 MP: 4/4
  1975 | D:6      | Reached skill level 7 in Maces & Flails
  1975 | D:6      | Reached XP level 6. HP: 38/57 MP: 5/5
  1990 | D:6      | Noticed Edmund
  1992 | D:6      | Slain by Edmund

Skill      XL: |  1  2  3  4  5 |
---------------+----------------+-----
Maces & Flails | 4 5 6 7 |  7.5
Fighting       | 4 5 |  5.9
Armour         | |  2.4
Dodging        | |  2.1

Action                   |  1- 3 |  4- 6 || total
-------------------------+-------+-------++-------
Melee: Mace              |    95 |    63 ||   158
       Headbutt          |    10 |    10 ||    20
Invok: Berserk           |       |     1 ||     1
  Use: Scroll            |       |     2 ||     2
  Eat: Chunk             |     2 |     2 ||     4
Armor: Ring mail         |     5 |       ||     5
       Animal skin       |     2 |       ||     2
       Plate armour      |    36 |    46 ||    82
Dodge: Dodged            |    48 |    33 ||    81
